 Dungeon Crawl Stone Soup version 0.27-a0-972-gd1521fd518 (webtiles) character file.

Game seed: 5120662791822156418

671 siradein the Twirler (level 7, -1/50 HPs)
             Began as a Demonspawn Gladiator on Apr 13, 2021.
             Slain by Menkaure (16 damage)
             ... on level 5 of the Dungeon on Apr 14, 2021.
             The game lasted 00:09:23 (5549 turns).

siradein the Twirler (Demonspawn Gladiator)         Turns: 5549, Time: 00:09:23

Health: -1/50      AC: 12    Str: 16    XL:     7   Next: 32%
Magic:  2/2        EV:  7    Int:  9    God:
Gold:   177        SH:  0    Dex: 15    Spells: 6/6 levels left

rFire    . . .     SeeInvis .   p - +6 quarterstaff of Seupn {antimagic, +Rage rPois rCorr}
rCold    . . .     Faith    .   (shield currently unavailable)
rNeg     . . .     Spirit   .   j - +0 chain mail
rPois    +         Reflect  .   (helmet restricted)
rElec    .         Harm     .   (no cloak)
rCorr    +         Rampage  .   (no gloves)
Will     .....                  (no boots)
Stlth    ..........             (no amulet)
HPRegen  0.16/turn              (no ring)
MPRegen  0.08/turn              (no ring)

@: no status effects
A: antennae 1, yellow scales 3, powered by death 1
a: Evoke Berserk Rage


You were on level 5 of the Dungeon.
You visited 1 branch of the dungeon, and saw 5 of its levels.

You collected 177 gold pieces.

Inventory:

Hand Weapons
 p - the +6 quarterstaff of Seupn (weapon) {antimagic, +Rage rPois rCorr}
   (You found it on level 5 of the Dungeon)

   It reduces the magical energy of the wielder, and disrupts the spells and
   magical abilities of those hit.
   Natural abilities and divine invocations are not affected.
   It protects you from poison.
   It lets you go berserk.
   It protects you from acid and corrosion.
Missiles
 d - 5 throwing nets (quivered)
Armour
 j - a +0 chain mail (worn)
Jewellery
 f - a ring of flight
Wands
 c - a wand of flame (18)
Scrolls
 a - a scroll of holy word {unknown}
 b - 4 scrolls of identify {unknown}
 e - a scroll of immolation {unknown}
 g - a scroll of blinking {unknown}
 i - 2 scrolls of enchant weapon {unknown}
 l - a scroll of vulnerability {unknown}
Potions
 h - a potion of heal wounds {unknown}
 k - a potion of mutation {unknown}
 m - a potion of attraction {unknown}
 n - a potion of degeneration {unknown}
 o - a potion of curing {unknown}


   Skills:
 - Level 2.0 Fighting
 + Level 7.9 Staves
 - Level 1.7 Throwing
 - Level 2.6 Dodging


You had 6 spell levels left.
You didn't know any spells.
Your spell library contained the following spells:

 Spells                   Type           Power      Damage    Failure   Level
 Magic Dart               Conj           0%         1d3       100%        1
 Blink                    Tloc           N/A        N/A       100%        2
 Call Imp                 Summ           0%         N/A       100%        2
 Slow                     Hex            0%         N/A       100%        2
 Conjure Flame            Conj/Fire      0%         6-21      100%        3
 Mephitic Cloud           Conj/Pois/Air  0%         N/A       100%        3


Dungeon Overview and Level Annotations

Branches:
Dungeon (5/15)
 Temple: D:4-7

Altars:
Dithmenos
Sif Muna
Xom

Annotations:
D:4 1 runed translucent door, noodleboyJ's ghost, amateur GnWn
D:5 Menkaure


Innate Abilities, Weirdness & Mutations

You have a pair of small antennae on your head.
You are completely covered in yellow scales. (AC +4, rCorr)
You regenerate a little health from kills.


Message History

A jackal comes into view. x2
The jackal barks!
The jackal bites you but does no damage. x3
You thump the jackal!
You kill the jackal!
The jackal barely misses you.
You hit the jackal.
The jackal is lightly wounded.
The jackal barely misses you.
You sock the jackal!
You kill the jackal!
HP restored.
Things that are here:
a +0 shortbow; 15 arrows
Found a book of Minor Magic.
a - a scroll labelled CYDWAU YMUHE
Found an escape hatch in the ceiling.
You now have 177 gold pieces (gained 15).
Menkaure, Prince of Dust comes into view.
Menkaure shouts!
Menkaure is nearby!
Menkaure is nearby!
Menkaure is nearby!
Menkaure calls on the powers of darkness!
Your body is wracked with pain!
You start resting.
You sense a monster nearby.
Menkaure calls on the powers of darkness!
Your body is wracked with pain!
* * * LOW HITPOINT WARNING * * *
You hit Menkaure.
Menkaure's magic leaks into the air.
Menkaure is lightly damaged.
Menkaure falters for a moment.
You hit Menkaure.
Menkaure's magic leaks into the air.
Menkaure is lightly damaged.
Menkaure completely misses you.
You hit Menkaure.
Menkaure's magic leaks into the air.
Menkaure is moderately damaged.
Menkaure hits you!
You die...

##....... ##........ # ##
#......... #.##.
#......... ......
........ ....M.# #...#.#
#.....#### #.....#.. ####
#........###........
...####........M@..##....
....# #.........#........
....# #......##.##.......
....# ##.....##..#<......
<...###......##.....#....
).....#.............##...
#...................# ...
#..............####....
....††..........# ....


You could see Menkaure.

Vanquished Creatures
  A black bear (D:4)
  A centaur (D:5)
  A phantom (D:2)
  A howler monkey (D:4)
  An orc priest (D:4)
  Natasha (twice) (D:2)
  3 orc wizards (D:4)
  A killer bee zombie (D:4)
  A hound skeleton (D:3)
  5 adders
  4 gnolls (D:3)
  A white imp (D:4)
  A worm (D:3)
  11 dart slugs
  4 orcs (D:4)
  3 ball pythons
  9 endoplasms
  3 giant cockroaches
  6 goblins
  6 hobgoblins
  10 jackals
  2 quokkas
  6 bats
  3 frilled lizards
  9 kobolds
  5 rats
100 creatures vanquished.

Vanquished Creatures (others)
  Natasha (D:2)
1 creature vanquished.

Grand Total: 101 creatures vanquished

Notes
Turn   | Place    | Note
-------+----------+-------------------------------------------
     0 | D:1      | siradein the Demonspawn Gladiator began the quest for the
                  | Orb.
     0 | D:1      | Reached XP level 1. HP: 16/16 MP: 1/1
   314 | D:1      | Reached skill level 3 in Staves
   327 | D:1      | Gained mutation: You are partially covered in yellow
                  | scales. (AC +2) [demonic ancestry]
   327 | D:1      | Reached XP level 2. HP: 15/22 MP: 2/2
   833 | D:1      | Found a faded altar of an unknown god.
  1237 | D:1      | Reached XP level 3. HP: 27/27 MP: 3/3
  1315 | D:2      | Reached skill level 4 in Staves
  1484 | D:2      | Noticed a phantom
  1507 | D:2      | Killed a phantom
  1508 | D:2      | Reached skill level 5 in Staves
  1508 | D:2      | Gained mutation: You are mostly covered in yellow scales.
                  | (AC +3) [demonic ancestry]
  1508 | D:2      | Reached XP level 4. HP: 8/33 MP: 4/4
  1932 | D:2      | Found a shimmering altar of Xom.
  1947 | D:2      | Gained mutation: You have a pair of small antennae on your
                  | head. [demonic ancestry]
  1947 | D:2      | Reached XP level 5. HP: 38/38 MP: 5/5
  2114 | D:2      | Noticed Natasha
  2127 | D:2      | Killed Natasha
  2463 | D:2      | Noticed Natasha
  2469 | D:2      | Killed Natasha
  2995 | D:2      | Noticed Natasha
  2999 | D:2      | Killed Natasha
  3127 | D:3      | Reached skill level 6 in Staves
  3339 | D:3      | Gained mutation: You are completely covered in yellow
                  | scales. (AC +4, rCorr) [demonic ancestry]
  3339 | D:3      | Reached XP level 6. HP: 30/44 MP: 6/6
  3887 | D:3      | Found a shadowy altar of Dithmenos.
  4335 | D:4      | Found a runed translucent door.
  4338 | D:4      | Noticed noodleboyJ's ghost (amateur GnWn)
  4397 | D:4      | Reached skill level 7 in Staves
  4850 | D:4      | Gained mutation: You regenerate a little health from kills.
                  | [demonic ancestry]
  4850 | D:4      | Reached XP level 7. HP: 49/50 MP: 7/7
  5066 | D:4      | Found a shimmering blue altar of Sif Muna.
  5394 | D:5      | Entered Level 5 of the Dungeon
  5395 | D:5      | Identified the +6 quarterstaff of Seupn {antimagic, +Rage
                  | rPois rCorr}
  5531 | D:5      | Noticed Menkaure
  5549 | D:5      | Slain by Menkaure

Illustrated notes

Levels and vault maps discovered:
D:1:      shiori_shiawase, layout_loops_corners, shapermc_ecumenical_altar_gd
D:2:      layout_loops_ring, basic_altar, roderic_roman_lattice, minivault_14,
          uniq_natasha
D:3:      minmay_door_path, layout_rooms, lemuel_tele_altar
D:4:      layout_loops_corners, general_overflow_altar,
          ebering_ghost_reflecting_pool, palyth_stone_intersect
D:5:      layout_cave_pools, kennysheep_path_1, uniq_menkaure

Skill      XL: |  1  2  3  4  5  6 |
---------------+-------------------+-----
Staves         | 3 5 6 7 |  7.9
Fighting       | |  2.0
Throwing       | |  1.7
Dodging        | |  2.6

Action                   |  1- 3 |  4- 6 |  7- 9 || total
-------------------------+-------+-------+-------++-------
Melee: Quarterstaff      |    79 |   208 |    38 ||   325
 Stab: Sleeping          |     1 |     1 |       ||     2
Armor: Leather armour    |    27 |    32 |       ||    59
       Chain mail        |       |   106 |    27 ||   133
Dodge: Dodged            |    50 |    95 |    18 ||   163

Table legend: (Time is in decaauts)
 A = Elapsed time spent in this place.
 B = Non-inter-level travel time spent in this place.
 C = Inter-level travel time spent in this place.
 D = Time resting spent in this place.
 E = Time spent auto-exploring this place.
 F = Levels seen in this place.
 G = Mean time per level.
                   A        B        C        D        E       F      G
               +--------+--------+--------+--------+--------+-----+--------+
         Total |   5570 |   5465 |    105 |     13 |   4528 |   5 | 1114.0 |
       Dungeon |   5570 |   5465 |    105 |     13 |   4528 |   5 | 1114.0 |
               +--------+--------+--------+--------+--------+-----+--------+

Top non-repeatable levels by time:
     D:2: 1951 daAuts
     D:1: 1306 daAuts
     D:4: 1238 daAuts
     D:3: 921 daAuts
     D:5: 153 daAuts
